 Dungeon Crawl Stone Soup version 0.23-a0-516-g0f8c245 (webtiles) character file.

367 tilp the Gusty (level 6, -1/47 HPs)
             Began as a Draconian Air Elementalist on Dec 5, 2018.
             Slain by a hound (4 damage)
             ... on level 5 of the Dungeon.
             The game lasted 00:19:23 (5602 turns).

tilp the Gusty (Draconian Air Elementalist)         Turns: 5602, Time: 00:19:24

Health: -1/47      AC:  8    Str: 10    XL:     6   Next: 41%
Magic:  7/9        EV: 12    Int: 17    God:
Gold:   155        SH:  0    Dex: 12    Spells: 3/9 levels left

rFire    + . .     SeeInvis .   a - +2 dagger (flame)
rCold    . . .     Gourm    .   (no shield)
rNeg     . . .     Faith    .   (armour unavailable)
rPois    .         Spirit   .   (helmet restricted)
rElec    .         Reflect  .   (no cloak)
rCorr    .         Harm     .   (no gloves)
MR       .....                  (no boots)
Stlth    ++........             (no amulet)
HPRegen  0.15/turn              r - ring of protection from fire
MPRegen  0.11/turn              u - +2 ring of protection

@: no status effects
A: unfitting armour, cold-blooded, AC +6
a: no special abilities


You were on level 5 of the Dungeon.
You were very hungry.

You visited 1 branch of the dungeon, and saw 5 of its levels.

You collected 155 gold pieces.

Inventory:

Hand Weapons
 a - a +2 dagger of flaming (weapon)
 b - a +0 hunting sling
 m - a +2 antimagic dagger
 n - a +0 rapier
 y - a +0 war axe
Missiles
 c - 146 stones (quivered)
 e - 5 needles of confusion
 g - 54 sling bullets
 j - 23 poisoned needles
Jewellery
 r - a ring of protection from fire (left hand)
 u - a +2 ring of protection (right hand)
Wands
 v - a wand of enslavement (10)
Scrolls
 d - 2 scrolls of identify
 i - a scroll of teleportation
 k - a scroll of immolation {unknown}
 l - a scroll of enchant weapon {unknown}
 p - a scroll of noise
 w - 2 scrolls of remove curse
Potions
 f - a potion of might
 h - 2 potions of haste
 q - a potion of magic {unknown}
 s - a potion of flight {unknown}
 t - a potion of heal wounds {unknown}
 z - a potion of brilliance {unknown}
Comestibles
 A - 9 rations


   Skills:
 + Level 1.4 Fighting
 - Level 1.7 Dodging
 - Level 1.7 Stealth
 - Level 2.0 Spellcasting
 - Level 3.7 Conjurations
 - Level 6.0 Air Magic


You had 3 spell levels left.
You knew the following spells:

 Your Spells              Type           Power        Failure   Level  Hunger
a - Shock                 Conj/Air       ###.         2%          1    #......
b - Swiftness             Chrm/Air       ##......     9%          2    ###....
c - Static Discharge      Conj/Air       ###.....     8%          3    ###....

Your spell library contained the following spells:

 Spells                   Type           Power        Failure   Level  Hunger
 Magic Dart               Conj           ##..         4%          1    #......
 Mephitic Cloud           Conj/Pois/Air  ##......     16%         3    ###....
 Conjure Flame            Conj/Fire      #.......     26%         3    ###....
 Blink                    Tloc           N/A          28%         2    ###....
 Call Imp                 Summ           #.......     28%         2    ###....
 Slow                     Hex            #.......     28%         2    ###....
 Airstrike                Air            ###.......   16%         4    #####..
 Lightning Bolt           Conj/Air       ###.......   58%         5    ######.


Dungeon Overview and Level Annotations

Branches:
Dungeon (5/15)
 Temple: D:4-7

Altars:
Dithmenos

Shops:
D:4 [

Annotations:
D:3 Sigmund
D:4 Grinder


Innate Abilities, Weirdness & Mutations

Your plain brown scales are hard. (AC +6)
You cannot fit into any form of body armour.
You are cold-blooded and may be slowed by cold attacks.


Message History

You're too confused to move!
The shadow imp misses you. The orc hits you but does no damage.
You're too confused!
Unknown command.
The hound barely misses you.
The shadow imp hits you but does no damage.
You closely miss the hound.
Your tail-slap misses the hound.
The hound bites you.
* * * LOW HITPOINT WARNING * * *
The hound bites you but does no damage. The shadow imp hits you.
* * * LOW HITPOINT WARNING * * *
The orc wizard looks braver for a moment.
The orc hits you but does no damage.
You're too confused to move!
You feel less confused. The hound misses you. The shadow imp barely misses you.
The orc hits you with a +0 dagger.
* * * LOW HITPOINT WARNING * * *
The hound bites you.
You die...

#.[..<.....#
###..........#
............#
#..........#
##..........#
##.......o...#
.....?....lo.##
#########.5h..#
##o.@.# ##...#
#...# ....#
##..(# #...#
#...# #...#


You could see a hound, an orc priest, an orc wizard, a shadow imp, an orc and a
leopard gecko.

Vanquished Creatures
  An ogre (D:4)
  A scorpion (D:3)
  An orc wizard (D:4)
  A bullfrog skeleton (D:4)
  A worker ant (D:2)
  6 adders
  An ooze (D:1)
  4 worms
  5 leopard geckos
  5 orcs
  11 bats
  9 giant cockroaches
  6 goblins
  5 hobgoblins (D:1)
  4 jackals (D:1)
  8 kobolds
  2 ball pythons
  5 frilled lizards
  11 rats
87 creatures vanquished.

Notes
Turn   | Place    | Note
-------+----------+-------------------------------------------
     0 | D:1      | tilp the Draconian Air Elementalist began the quest for the
                  | Orb.
     0 | D:1      | Reached XP level 1. HP: 14/14 MP: 3/3
   338 | D:1      | Reached XP level 2. HP: 20/20 MP: 1/5
   385 | D:1      | Learned a level 2 spell: Swiftness
   728 | D:1      | Reached skill level 4 in Air Magic
   879 | D:1      | Reached XP level 3. HP: 26/26 MP: 3/6
  2139 | D:2      | Learned a level 3 spell: Static Discharge
  2226 | D:2      | Reached skill level 5 in Air Magic
  2226 | D:2      | Reached XP level 4. HP: 26/33 MP: 0/7
  2423 | D:2      | Found a shadowy altar of Dithmenos.
  3480 | D:3      | Noticed Sigmund
  3757 | D:3      | Reached XP level 5. HP: 25/38 MP: 1/8
  4067 | D:3      | Noticed a phantom
  4317 | D:4      | Noticed Grinder
  4320 | D:4      | Noticed an ogre
  4636 | D:4      | Reached skill level 6 in Air Magic
  4730 | D:4      | Noticed an ogre
  4740 | D:4      | Killed an ogre
  4740 | D:4      | Reached XP level 6. HP: 8/45 MP: 3/9
  5191 | D:4      | Found Mevotsed's Antique Armour Boutique.
  5214 | D:4      | Reached skill level 1 in Fighting
  5237 | D:4      | Paralysed by Grinder for 6 turns
  5520 | D:4      | Paralysed by Grinder for 4 turns
  5555 | D:5      | Entered Level 5 of the Dungeon
  5602 | D:5      | Slain by a hound

Vault maps used:
D:1:      dpeg_arrival_prison, chequers_serial_rivers_large_b
D:2:      nicolae_overflow_hidden_temple, minmay_tetromino_o2
D:3:      uniq_sigmund
D:4:      serial_shops, kennysheep_mini, first_ration, uniq_grinder
D:5:      old_standard_altar, nrook_mini_vaults

Skill      XL: |  1  2  3  4  5  6 |
---------------+-------------------+-----
Air Magic      | 4 5 6 |  6.0
Conjurations   | 3 |  3.7
Fighting       | 1 |  1.4
Dodging        | |  1.7
Stealth        | |  1.7
Spellcasting   | |  2.0

Action                   |  1- 3 |  4- 6 || total
-------------------------+-------+-------++-------
Melee: Unarmed           |    18 |       ||    18
       Tailslap          |     4 |     4 ||     8
       Short sword       |    55 |    27 ||    82
       Dagger            |       |    40 ||    40
 Cast: Shock             |    68 |    47 ||   115
       Static Discharge  |     2 |     9 ||    11
       Swiftness         |       |     3 ||     3
  Use: Scroll            |       |     7 ||     7
       Potion            |       |     3 ||     3
 Stab: Sleeping          |       |     5 ||     5
  Eat: Chunk             |     6 |    11 ||    17
Armor: Skin              |    58 |    57 ||   115
Dodge: Dodged            |   139 |    77 ||   216

Table legend:
 A = Non-vault XP
 B = Vault XP
 C = Vault XP percentage of total XP
 D = Non-vault monster count
 E = Vault monster count
 F = Vault count percentage of total count
                 A         B        C        D         E       F
            +---------+---------+-------+---------+---------+-------
      Total |     514 |      11 |   2.1 |      83 |       4 |   4.6
            +---------+---------+-------+---------+---------+-------
        D:1 |      64 |       4 |   5.9 |      35 |       2 |   5.4
        D:2 |      78 |       7 |   8.2 |      19 |       2 |   9.5
        D:3 |     143 |       0 |   0.0 |      17 |       0 |   0.0
        D:4 |     229 |       0 |   0.0 |      12 |       0 |   0.0
            +---------+---------+-------+---------+---------+-------
